 Dungeon Crawl Stone Soup version 0.30.0 (webtiles) character file.

Game seed: 7386719919315311106

4 jimonade the Shield-Bearer (level 1, -1/18 HPs)
             Began as a Formicid Fighter on May 6, 2023.
             Succumbed to a goblin's poison
             ... on level 1 of the Dungeon.
             The game lasted 00:00:18 (129 turns).

jimonade the Shield-Bearer (Formicid Fighter)        Turns: 129, Time: 00:00:19

Health: -1/18      AC:  6    Str: 20    XL:     1   Next: 77%
Magic:  1/1        EV:  9    Int:  7    God:
Gold:   31         SH:  5    Dex: 13    Spells: 0/0 levels left

rFire   . . .        a - +0 quarterstaff
rCold   . . .        c - +0 buckler
rNeg    . . .        b - +0 scale mail
rPois   .            (helmet unavailable)
rElec   .            (no cloak)
rCorr   .            (no gloves)
SInv    +            (no boots)
Will    .....        (no amulet) Stlth
                     (no ring)
HPRegen 0.23/turn    (no ring)
MPRegen 0.07/turn

%: no passive effects
@: lethally poisoned (-1 -> -13)
A: permanent stasis, dig shafts and tunnels, antennae 3, four strong arms
a: Dig, Shaft Self


You were on level 1 of the Dungeon.
You visited 1 branch of the dungeon, and saw 1 of its levels.

You collected 31 gold pieces.

Inventory:

Hand Weapons
 a - a +0 quarterstaff (weapon)
Armour
 b - a +0 scale mail (worn)
 c - a +0 buckler (worn)
Scrolls
 e - a scroll of teleportation {unknown}
 f - a scroll of amnesia {unknown}
 g - a scroll of blinking {unknown}
Potions
 d - a potion of might
 h - a potion of curing {unknown}


   Skills:
 + Level 3.3 Fighting
 + Level 2.0 Staves
 + Level 3.5 Armour
 + Level 4.1 Shields


You couldn't memorise any spells.
You didn't know any spells.
Your spell library contained the following spells:

 Spells                   Type           Power      Damage    Failure   Level
 Foxfire                  Conj/Fire      0%         2x1d4     85%         1
 Fireball                 Conj/Fire      0%         3d3       100%        5
 Plasma Beam              Fire/Air       0%         2x1d11    100%        6
 Starburst                Conj/Fire      0%         6d3       100%        6


Dungeon Overview and Level Annotations

Branches:
Dungeon (1/15)

Altars:


Innate Abilities, Weirdness & Mutations

You cannot be hasted, slowed, berserked, paralysed or teleported.
You can dig through walls and to a lower floor.
You have a pair of large antennae on your head. (SInv)
Your four strong arms can wield two-handed weapons with a shield.


Message History

You pick up a book of Fire and begin reading...
You add the spells Foxfire, Fireball, Plasma Beam and Starburst to your library.
There are no items here.
A kobold comes into view. It is wielding a +0 short sword.
A kobold is nearby!
The kobold hits you but does no damage.
You hit the kobold.
The kobold is moderately wounded.
The kobold barely misses you.
You thump the kobold!
You kill the kobold!
No target in view!
You now have 31 gold pieces (gained 14).
There are no items here.
Found a mace.
h - a fuming sapphire potion
There are no items here.
You sense a monster nearby.
A goblin comes into view. It is wielding a +1 dagger of venom.
Found a stone staircase leading down.
The goblin shouts!
The goblin hits you with a +1 dagger of venom.
You are poisoned.
You closely miss the goblin.
You feel very sick. The goblin hits you but does no damage.
You are lethally poisoned!
You closely miss the goblin.
You feel very sick. The goblin closely misses you.
The goblin hits you but does no damage.
You are more poisoned.
You are too injured to fight recklessly!
You are too injured to fight recklessly!
You closely miss the goblin.
* * * LOW HITPOINT WARNING * * *
You feel very sick. The goblin barely misses you.
You sock the goblin!
You kill the goblin!
You die...

######..... #..#
#...>......##..##.
#.......... .....
#.......... #..#
#..........##..#
#.......###....########
#......)##............##
#...@#...............
#....................
#.............)......
#...)................
#....................
#....................
#....................
##...######..........
##### ###........


There were no monsters in sight!

Vanquished Creatures
  A bat (D:1)
  A quokka (D:1)
  A goblin (D:1)
  2 kobolds (D:1)
5 creatures vanquished.

Notes
Turn   | Place    | Note
-------+----------+-------------------------------------------
     0 | D:1      | jimonade the Formicid Fighter began the quest for the Orb.
     0 | D:1      | Reached XP level 1. HP: 18/18 MP: 1/1
   129 | D:1      | Succumbed to a goblin's poison

Illustrated notes

Levels and vault maps discovered:
D:1:      dpeg_arrival_boxes_within_box, layout_rooms,
          chequers_ecumenical_altar_lobes

Action                     || total
---------------------------++-------
  Melee: Quarterstaff      ||    15
 Armour: Scale mail        ||     9
  Dodge: Dodged            ||     6
  Block: Buckler           ||     4
